 Dungeon Crawl Stone Soup version 0.21.1-1-g345015fe64 (webtiles) character file.

121 Knicklaso the Grave Robber (level 5, -2/38 HPs)
             Began as a Hill Orc Necromancer on Apr 17, 2018.
             Slain by Sigmund
             ... wielding a +0 scythe
              (13 damage)
             ... on level 2 of the Dungeon.
             The game lasted 00:11:11 (2297 turns).

Knicklaso the Grave Robber (Hill Orc Necromancer)   Turns: 2297, Time: 00:11:12

Health: -2/38      AC:  2    Str: 11    XL:     5   Next: 5%
Magic:  7/8        EV: 12    Int: 16    God:
Gold:   87         SH:  0    Dex: 11    Spells: 4/9 levels left

rFire    . . .     SeeInvis .   i - +0 short sword
rCold    . . .     Gourm    .   (no shield)
rNeg     . . .     Faith    .   a - +0 robe
rPois    .         Spirit   .   (no helmet)
rElec    .         Reflect  .   (no cloak)
rCorr    .         Harm     .   (no gloves)
MR       .....                  (no boots)
Stlth    ++........             (no amulet)
HPRegen  0.12/turn              (no ring)
MPRegen  0.11/turn              (no ring)

@: no status effects
A: no striking features
a: no special abilities


You were on level 2 of the Dungeon.
You were hungry.

You visited 1 branch of the dungeon, and saw 3 of its levels.

You collected 87 gold pieces.

Inventory:

Hand Weapons
 i - a +0 short sword (weapon)
Armour
 a - a +0 robe (worn)
Scrolls
 d - 2 scrolls of teleportation {unknown}
 e - a scroll of enchant armour {unknown}
 f - 2 scrolls of fear {unknown}
 g - a scroll of blinking {unknown}
 h - a scroll of identify {unknown}
 k - a scroll of remove curse {unknown}
 l - a scroll of magic mapping {unknown}
 n - a scroll of amnesia {unknown}
Potions
 m - a potion of cancellation {unknown}
Books
 b - a book of Necromancy

   Spells                             Type                      Level
   a - Pain                           Necromancy                   1
   b - Animate Skeleton               Necromancy                   1
   c - Vampiric Draining              Necromancy                   3
   d - Regeneration                   Charms/Necromancy            3
   e - Animate Dead                   Necromancy                   4
   f - Borgnjor's Vile Clutch         Necromancy/Earth             5
Comestibles
 c - 4 rations
 j - a chunk of flesh


   Skills:
 - Level 1.5 Dodging
 - Level 1.5 Stealth
 + Level 2.5 Spellcasting
 * Level 5.6 Necromancy


You had 4 spell levels left.
You knew the following spells:

 Your Spells              Type           Power        Failure   Level  Hunger
a - Pain                  Necr           ###.         1%          1    #......
b - Animate Skeleton      Necr           N/A          1%          1    #......
c - Vampiric Draining     Necr           ###.......   6%          3    ###....


Dungeon Overview and Level Annotations

Branches:
Dungeon (3/15)

Altars:
Hepliaklqana

Annotations:
D:3 Knicklaso's ghost, amateur HOFE; Sigmund


Message History

You can't see any susceptible monsters within range! (Use Z to cast anyway.) Unknown command.
Something hits you.
A puff of flame appears from out of thin air!
The puff of flame misses you.
There is a stone staircase leading down here.
A puff of flame appears from out of thin air!
The puff of flame hits you!
There is a stone staircase leading up here.
You are feeling hungry.
You hear some strange, mumbled words.
A puff of flame appears from out of thin air!
The puff of flame hits you! Something hits you. Something hits you!
* * * LOW HITPOINT WARNING * * *
You climb upwards.
There is a stone staircase leading down here.
You start resting.
Something hits you!
You die...

.# #.........# .#
#.........#
######.........#
...............#
######.........#
#...........#
#........####
####........######
................@#
............####.#
####........# #.#
..##........# #.#
..##........####.#
..............##.#
.......####.#.##.#
.......# #...##.#
.#..#### ##..##.#


There were no monsters in sight!

Vanquished Creatures
  3 adders
  2 oozes (D:1)
  4 worms (D:2)
  2 dart slugs (D:1)
  2 leopard geckos (D:2)
  8 bats
  2 giant cockroaches
  5 goblins
  6 hobgoblins
  4 jackals
  A quokka (D:2)
  2 frilled lizards
  2 kobolds (D:2)
  3 rats
46 creatures vanquished.

Vanquished Creatures (collateral kills)
  2 adders (D:2)
  An ooze (D:2)
  A giant cockroach (D:2)
  A goblin (D:2)
  2 jackals
7 creatures vanquished.

Grand Total: 53 creatures vanquished

Notes
Turn   | Place    | Note
-------+----------+-------------------------------------------
     0 | D:1      | Knicklaso the Hill Orc Necromancer began the quest for the Orb.
     0 | D:1      | Reached XP level 1. HP: 14/14 MP: 3/3
    56 | D:1      | Learned a level 1 spell: Animate Skeleton
   141 | D:1      | Reached XP level 2. HP: 20/20 MP: 1/4
   509 | D:1      | Reached XP level 3. HP: 14/26 MP: 0/6
  1175 | D:2      | Reached skill level 5 in Necromancy
  1202 | D:2      | HP: 1/26 [adder (4)]
  1215 | D:2      | Reached XP level 4. HP: 15/33 MP: 1/7
  1588 | D:2      | Found a hazy altar of Hepliaklqana.
  2158 | D:2      | Learned a level 3 spell: Vampiric Draining
  2179 | D:3      | Noticed Knicklaso's ghost (amateur HOFE)
  2238 | D:3      | Reached XP level 5. HP: 36/38 MP: 4/8
  2259 | D:3      | Noticed Sigmund
  2297 | D:2      | Slain by Sigmund

Skill      XL: |  1  2  3 |
---------------+----------+-----
Spellcasting   | 2 |  2.5
Necromancy     | 5 |  5.6
Dodging        | |  1.5
Stealth        | |  1.5

Action                   |  1- 3 |  4- 6 || total
-------------------------+-------+-------++-------
Melee: Unarmed           |     1 |       ||     1
       Short sword       |    21 |     9 ||    30
 Cast: Pain              |    60 |    54 ||   114
       Animate Skeleton  |    10 |     6 ||    16
  Use: Potion            |     2 |       ||     2
 Stab: Distracted        |     1 |       ||     1
  Eat: Chunk             |     2 |     4 ||     6
Armor: Robe              |     3 |       ||     3
Dodge: Dodged            |    27 |    11 ||    38
